| TOP OF THE 1ST |
|
Jackson Generals batting - Pitching for Akron RubberDucks : LHP John Roe
|
|
Pitching: LHP John Roe
|
|
|
Batting: SHB Jose Castillo
|
0-0: Called Strike 0-1: Ground out 6-3 (Groundball, 6, EV 103.1 MPH)
|
|
Batting: RHB Tony Vargas
|
0-0: Ball 1-0: Called Strike 1-1: Ball 2-1: Ball 3-1: Base on Balls
|
|
Batting: RHB Josh Ruhl
|
0-0: Called Strike 0-1: Called Strike 0-2: Strikes out looking
|
|
Batting: RHB Robby Cuellar
|
0-0: Ball 1-0: Ball 2-0: Foul Ball, location: 2F 2-1: Ground out 4-3 (Groundball, 4, EV 80.0 MPH)
|
| Top of the 1st over - 0 runs, 0 hits, 0 errors, 1 left on base; Jackson 0 - Akron 0 |
| BOTTOM OF THE 1ST |
|
Akron RubberDucks batting - Pitching for Jackson Generals : RHP Jake Underhill
|
|
Pitching: RHP Jake Underhill
|
|
|
Batting: LHB Nick Welling
|
0-0: Foul Ball, location: 2F 0-1: Foul Ball, location: 2F 0-2: Strikes out swinging
|
|
Batting: SHB Arturo Baez
|
0-0: Foul Ball, location: 2F 0-1: Called Strike 0-2: Ball 1-2: Fly out, F8 (Flyball, 8LD, EV 99.4 MPH)
|
|
Batting: RHB Harris Leroux
|
0-0: Ball 1-0: Called Strike 1-1: Called Strike 1-2: Ground out U3 (Groundball, 34, EV 92.5 MPH)
|
| Bottom of the 1st over - 0 runs, 0 hits, 0 errors, 0 left on base; Jackson 0 - Akron 0 |
| TOP OF THE 2ND |
|
Jackson Generals batting - Pitching for Akron RubberDucks : LHP John Roe
|
|
Batting: LHB Jason Hopkins
|
0-0: Ball 1-0: Called Strike 1-1: SINGLE (Line Drive, 5D, EV 99.4 MPH)
|
|
Batting: RHB Harutomi Matsubara
|
0-0: Swinging Strike 0-1: Ball 1-1: Fielders Choice at 2nd, 6-4 (Groundball, 6, EV 106.2 MPH)
|
|
Batting: LHB Dwain Ashford
|
0-0: Ball 1-0: Fielders Choice at 2nd, 6-4 (Groundball, 6M, EV 101.2 MPH)
|
|
Batting: LHB Justin Long
|
0-0: Foul Ball, location: 2F 0-1: Foul Ball, location: 2F 0-2: Ground out 6-3 (Groundball, 6M, EV 106.9 MPH)
|
| Top of the 2nd over - 0 runs, 1 hit, 0 errors, 1 left on base; Jackson 0 - Akron 0 |
| BOTTOM OF THE 2ND |
|
Akron RubberDucks batting - Pitching for Jackson Generals : RHP Jake Underhill
|
|
Batting: RHB Christian Blue
|
0-0: Ball 1-0: Ball 2-0: Called Strike 2-1: Ball 3-1: Base on Balls
|
|
Batting: RHB Hieronim Rutkowski
|
0-0: Ball 1-0: Ball 2-0: Called Strike 2-1: Called Strike 2-2: Foul Ball, location: 2F 2-2: Ball 3-2: Foul Ball, location: 2F 3-2: Foul Ball, location: 2F 3-2: Base on Balls Christian Blue to second
|
|
Batting: RHB Matt Thompson
|
0-0: Ball 1-0: Ball 2-0: Fielders Choice at 2nd, 5-4 (Groundball, 56, EV 83.1 MPH) Christian Blue to third
|
|
Batting: LHB Corey Trevor
|
Pickoff Throw to First - Out! 1-3 0-0: Fly out, F4 (Flyball, 34D, EV 84.4 MPH)
|
| Bottom of the 2nd over - 0 runs, 0 hits, 0 errors, 1 left on base; Jackson 0 - Akron 0 |
| TOP OF THE 3RD |
|
Jackson Generals batting - Pitching for Akron RubberDucks : LHP John Roe
|
|
Batting: SHB Detlef Oursler
|
0-0: Fly out, F8 (Flyball, 8RD, EV 103.8 MPH)
|
|
Batting: SHB Jose Castillo
|
0-0: Ball 1-0: Foul Ball, location: 2F 1-1: Called Strike 1-2: Ground out U3 (Groundball, 34S, EV 82.5 MPH)
|
|
Batting: RHB Tony Vargas
|
0-0: Foul Ball, location: 2F 0-1: Ball 1-1: Foul Ball, location: 2F 1-2: Fly out, F8 (Flyball, 78XD, EV 91.2 MPH)
|
| Top of the 3rd over - 0 runs, 0 hits, 0 errors, 0 left on base; Jackson 0 - Akron 0 |
| BOTTOM OF THE 3RD |
|
Akron RubberDucks batting - Pitching for Jackson Generals : RHP Jake Underhill
|
|
Batting: LHB John Dietrich
|
0-0: Called Strike 0-1: Foul Ball, location: 2F 0-2: Ground out 5-3 (Groundball, 56, EV 101.2 MPH)
|
|
Batting: RHB Tony Ramirez
|
0-0: Ball 1-0: Ball 2-0: Foul Ball, location: 2F 2-1: Called Strike 2-2: Strikes out swinging
|
|
Batting: LHB Nick Welling
|
0-0: Fly out, F8 (Flyball, 8LD, EV 96.9 MPH)
|
| Bottom of the 3rd over - 0 runs, 0 hits, 0 errors, 0 left on base; Jackson 0 - Akron 0 |
| TOP OF THE 4TH |
|
Jackson Generals batting - Pitching for Akron RubberDucks : LHP John Roe
|
|
Batting: RHB Josh Ruhl
|
0-0: Ball 1-0: Called Strike 1-1: Ball 2-1: Ball 3-1: Base on Balls
|
|
Batting: RHB Robby Cuellar
|
0-0: Fly out, F8 (Flyball, 8RS, EV 73.8 MPH)
|
|
Batting: LHB Jason Hopkins
|
0-0: Ball Josh Ruhl is caught stealing 2nd base 2-6 1-0: SINGLE (Groundball, 25, EV 71.2 MPH) (infield hit)
|
|
Batting: RHB Harutomi Matsubara
|
0-0: Ball 1-0: Foul Ball, location: 2F 1-1: Called Strike 1-2: Foul Ball, location: 2F 1-2: Strikes out swinging
|
| Top of the 4th over - 0 runs, 1 hit, 0 errors, 1 left on base; Jackson 0 - Akron 0 |
| BOTTOM OF THE 4TH |
|
Akron RubberDucks batting - Pitching for Jackson Generals : RHP Jake Underhill
|
|
Batting: SHB Arturo Baez
|
0-0: Ball 1-0: Ball 2-0: Ball 3-0: Foul Ball, location: 2F 3-1: Swinging Strike 3-2: Strikes out swinging
|
|
Batting: RHB Harris Leroux
|
0-0: Called Strike 0-1: Ball 1-1: SINGLE (Line Drive, 8LS, EV 106.9 MPH)
|
|
Batting: RHB Christian Blue
|
0-0: Ball 1-0: Foul Ball, location: 2F 1-1: Called Strike 1-2: Foul Ball, location: 2F 1-2: Strikes out looking
|
|
Batting: RHB Hieronim Rutkowski
|
0-0: Ball 1-0: Called Strike Harris Leroux steals 2nd base 1-1: Called Strike 1-2: Foul Ball, location: 2F 1-2: Ground out 6-3 (Groundball, 6, EV 96.2 MPH)
|
| Bottom of the 4th over - 0 runs, 1 hit, 0 errors, 1 left on base; Jackson 0 - Akron 0 |
| TOP OF THE 5TH |
|
Jackson Generals batting - Pitching for Akron RubberDucks : LHP John Roe
|
|
Batting: LHB Dwain Ashford
|
0-0: Ball 1-0: Swinging Strike 1-1: Swinging Strike 1-2: Ball 2-2: SINGLE (Groundball, 4D, EV 98.8 MPH)
|
|
Batting: LHB Justin Long
|
0-0: Ball 1-0: Called Strike 1-1: Ball 2-1: Foul Ball, location: 2F 2-2: Strikes out swinging
|
|
Batting: SHB Detlef Oursler
|
0-0: Ball 1-0: Ball 2-0: TRIPLE (Flyball, 9LD, EV 106.2 MPH) Dwain Ashford scores
|
|
Batting: SHB Jose Castillo
|
0-0: Ball 1-0: Called Strike 1-1: Ball 2-1: SINGLE (Groundball, 6D, EV 100.0 MPH) Detlef Oursler scores
|
|
Batting: RHB Tony Vargas
|
0-0: Ball 1-0: Ball 2-0: Ball 3-0: Called Strike 3-1: Foul Ball, location: 2F 3-2: SINGLE (Line Drive, 8LS, EV 95.6 MPH) Jose Castillo to second
|
|
Batting: RHB Josh Ruhl
|
0-0: Ball 1-0: Foul Ball, location: 2F 1-1: Ball 2-1: Foul Ball, location: 2F 2-2: Fly out, F7 (Flyball, 78D, EV 98.8 MPH)
|
|
Batting: RHB Robby Cuellar
|
0-0: Ball 1-0: Called Strike 1-1: Swinging Strike 1-2: Ball 2-2: Strikes out swinging
|
| Top of the 5th over - 2 runs, 4 hits, 0 errors, 2 left on base; Jackson 2 - Akron 0 |
| BOTTOM OF THE 5TH |
|
Akron RubberDucks batting - Pitching for Jackson Generals : RHP Jake Underhill
|
|
Batting: RHB Matt Thompson
|
0-0: Ball 1-0: SOLO HOME RUN (Flyball, 89XD, EV 100.0 MPH), Distance : 387 ft
|
|
Batting: LHB Corey Trevor
|
0-0: Ball 1-0: Called Strike 1-1: TRIPLE (Line Drive, 9LD, EV 102.5 MPH)
|
|
Batting: LHB John Dietrich
|
0-0: Called Strike 0-1: Foul Ball, location: 2F 0-2: Fly out, F8 (Flyball, 89D, EV 102.5 MPH) Runner from 3rd tags up, SCORES, no throw by CF
|
|
Batting: RHB Tony Ramirez
|
0-0: Ball 1-0: Swinging Strike 1-1: Ground out 6-3 (Groundball, 56, EV 80.6 MPH)
|
|
Batting: LHB Nick Welling
|
0-0: Called Strike 0-1: Ball 1-1: Ball 2-1: Swinging Strike 2-2: Foul Ball, location: 2F 2-2: Ball 3-2: Foul Ball, location: 2F 3-2: Base on Balls
|
|
Batting: SHB Arturo Baez
|
0-0: Called Strike Nick Welling steals 2nd base 0-1: Called Strike 0-2: Ball 1-2: DOUBLE (Line Drive, 7LS, EV 110.0 MPH) Nick Welling scores
|
|
Batting: RHB Harris Leroux
|
0-0: Called Strike 0-1: Called Strike 0-2: Ball 1-2: Ball 2-2: SINGLE (Groundball, 56D, EV 100.6 MPH) Arturo Baez to third Runner from 3rd tries for Home, throw by LF and OUT! 7-2
|
| Bottom of the 5th over - 3 runs, 4 hits, 0 errors, 1 left on base; Jackson 2 - Akron 3 |
| TOP OF THE 6TH |
|
Jackson Generals batting - Pitching for Akron RubberDucks : LHP John Roe
|
|
Pitching: LHP Terry LaPlante
|
|
|
Batting: LHB Jason Hopkins
|
0-0: Ball 1-0: Foul Ball, location: 2F 1-1: Called Strike 1-2: Ball 2-2: Strikes out swinging
|
|
Batting: RHB Harutomi Matsubara
|
0-0: Ball 1-0: Foul Ball, location: 2F 1-1: Ball 2-1: Foul Ball, location: 2F 2-2: Strikes out looking
|
|
Batting: LHB Dwain Ashford
|
0-0: Ball 1-0: Ball 2-0: Called Strike 2-1: Called Strike 2-2: Ball 3-2: Strikes out swinging
|
| Top of the 6th over - 0 runs, 0 hits, 0 errors, 0 left on base; Jackson 2 - Akron 3 |
| BOTTOM OF THE 6TH |
|
Akron RubberDucks batting - Pitching for Jackson Generals : RHP Jake Underhill
|
|
Batting: RHB Christian Blue
|
0-0: Foul Ball, location: 2F 0-1: Foul Ball, location: 2F 0-2: Ball 1-2: Fly out, F9 (Flyball, 89D, EV 80.6 MPH)
|
|
Batting: RHB Hieronim Rutkowski
|
0-0: Foul Ball, location: 2F 0-1: Ground out 5-3 (Groundball, 56S, EV 87.5 MPH)
|
|
Batting: RHB Matt Thompson
|
0-0: Ball 1-0: Ground out U3 (Groundball, 3, EV 96.2 MPH)
|
| Bottom of the 6th over - 0 runs, 0 hits, 0 errors, 0 left on base; Jackson 2 - Akron 3 |
| TOP OF THE 7TH |
|
Jackson Generals batting - Pitching for Akron RubberDucks : LHP Terry LaPlante
|
|
Pitching: RHP Jay Cowgill
|
|
|
Batting: LHB Justin Long
|
0-0: Called Strike 0-1: Swinging Strike 0-2: Ball 1-2: Ground out 6-3 (Groundball, 6, EV 96.9 MPH)
|
|
Batting: SHB Detlef Oursler
|
0-0: Ball 1-0: Foul Ball, location: 2F 1-1: Foul Ball, location: 2F 1-2: Strikes out swinging
|
|
Batting: SHB Jose Castillo
|
0-0: Ball 1-0: Ball 2-0: Called Strike 2-1: Swinging Strike 2-2: Ball 3-2: Foul Ball, location: 2F 3-2: Foul Ball, location: 2F 3-2: Fly out, F6 (Flyball, 5D, EV 96.2 MPH)
|
| Top of the 7th over - 0 runs, 0 hits, 0 errors, 0 left on base; Jackson 2 - Akron 3 |
| BOTTOM OF THE 7TH |
|
Akron RubberDucks batting - Pitching for Jackson Generals : RHP Jake Underhill
|
|
Batting: LHB Corey Trevor
|
0-0: Ball 1-0: Ball 2-0: Called Strike 2-1: Called Strike 2-2: Ball 3-2: SINGLE (Groundball, 4MD, EV 111.2 MPH)
|
|
Pitching: RHP Mike Bator
|
|
|
Batting: LHB John Dietrich
|
0-0: Ball 1-0: Ball 2-0: Called Strike 2-1: Fly out, F7 (Flyball, 7D, EV 95.6 MPH)
|
|
Batting: RHB Tony Ramirez
|
0-0: Called Strike 0-1: Ball 1-1: Ball 2-1: Foul Ball, location: 2F 2-2: Fly out, F8 (Flyball, 8LD, EV 87.5 MPH)
|
|
Batting: LHB Nick Welling
|
0-0: Ball 1-0: Called Strike 1-1: Ball 2-1: Foul Ball, location: 2F 2-2: Ball 3-2: Foul Ball, location: 2F 3-2: Base on Balls Corey Trevor to second
|
|
Batting: SHB Arturo Baez
|
0-0: Ball 1-0: Ball 2-0: Ball 3-0: Called Strike 3-1: Base on Balls Corey Trevor to third Nick Welling to second
|
|
Pitching: RHP Victor Cervantes
|
|
|
Batting: RHB Harris Leroux
|
0-0: Fielders Choice at 2nd, 6-4 (Groundball, 6, EV 101.9 MPH)
|
| Bottom of the 7th over - 0 runs, 1 hit, 0 errors, 3 left on base; Jackson 2 - Akron 3 |
| TOP OF THE 8TH |
|
Jackson Generals batting - Pitching for Akron RubberDucks : RHP Jay Cowgill
|
|
Pitching: RHP Jorge Reyes
|
|
|
Batting: RHB Tony Vargas
|
0-0: Called Strike 0-1: Foul Ball, location: 2F 0-2: Ball 1-2: Foul Ball, location: 2F 1-2: Ball 2-2: Ball 3-2: Fly out, F9 (Line Drive, 9, EV 108.1 MPH)
|
|
Batting: RHB Josh Ruhl
|
0-0: Swinging Strike 0-1: Foul Ball, location: 2F 0-2: Strikes out swinging
|
|
Batting: RHB Robby Cuellar
|
0-0: Called Strike 0-1: Swinging Strike 0-2: Ball 1-2: Fly out, F7 (Flyball, 78S, EV 91.9 MPH)
|
| Top of the 8th over - 0 runs, 0 hits, 0 errors, 0 left on base; Jackson 2 - Akron 3 |
| BOTTOM OF THE 8TH |
|
Akron RubberDucks batting - Pitching for Jackson Generals : RHP Victor Cervantes
|
|
Batting: RHB Christian Blue
|
0-0: Ball 1-0: Foul Ball, location: 2F 1-1: Swinging Strike 1-2: Ball 2-2: Strikes out swinging
|
|
Batting: RHB Hieronim Rutkowski
|
0-0: Called Strike 0-1: Called Strike 0-2: Fly out, F6 (Popup, 6, EV 70.6 MPH)
|
|
Batting: RHB Matt Thompson
|
0-0: Called Strike 0-1: Ball 1-1: Foul Ball, location: 2F 1-2: DOUBLE (Line Drive, 9LM, EV 106.9 MPH)
|
|
Batting: LHB Corey Trevor
|
0-0: SINGLE (Groundball, 4MD, EV 97.5 MPH) Matt Thompson to third Runner from 3rd tries for Home, throw by CF and OUT! 8-2
|
| Bottom of the 8th over - 0 runs, 2 hits, 0 errors, 1 left on base; Jackson 2 - Akron 3 |
| TOP OF THE 9TH |
|
Jackson Generals batting - Pitching for Akron RubberDucks : RHP Jorge Reyes
|
|
Pitching: RHP Corey Rizzuto
|
|
|
Batting: LHB Jason Hopkins
|
0-0: Ball 1-0: Ball 2-0: Ball 3-0: Called Strike 3-1: Called Strike 3-2: Strikes out looking
|
|
Batting: RHB Harutomi Matsubara
|
0-0: Ball 1-0: Ball 2-0: Swinging Strike 2-1: Ball 3-1: Foul Ball, location: 2F 3-2: Strikes out swinging
|
|
Batting: LHB Dwain Ashford
|
0-0: Ball 1-0: Fly out, F9 (Flyball, 9LS, EV 85.0 MPH)
|
| Top of the 9th over - 0 runs, 0 hits, 0 errors, 0 left on base; Jackson 2 - Akron 3 |
|